 Dungeon Crawl Stone Soup version 0.27-a0-1232-gc6a4cbde82 (webtiles) character file.

Game seed: 1945840300533175350

316715 lunkers the Slayer (level 22, -17/178 HPs)
             Began as a Djinni Earth Elementalist on June 7, 2021.
             Was the Champion of Makhleb.
             Demolished by Mennas
             ... wielding a +2 sacred scourge of holy wrath
              (22 damage)
             ... on level 4 of the Vaults on June 8, 2021.
             The game lasted 01:57:57 (34696 turns).

lunkers the Slayer (Djinni Earth Elementalist)     Turns: 34696, Time: 01:57:57

Health: -17/178    AC: 15    Str:  3    XL:     22   Next: 36%
Gold:   2657       EV: 12    Int: 34    God:    Makhleb [******] SH: 16 Dex: 27

rFire    + + +     SeeInvis .   b - +2 short sword "Ugren" {vorpal, rElec Int+4}
rCold    + . .     Faith    .   V - +3 kite shield "Kaune" {Rampage Str-4 Int+3 Dex+5}
rNeg     . . .     Spirit   .   D - +0 troll leather armour
rPois    ∞         Reflect  .   M - +2 hat {Int+3}
rElec    +         Harm     .   F - +1 cloak
rCorr    +         Rampage  +   t - +2 pair of gloves
Will     ++...                  (boots unavailable)
Stlth    +.........             k - amulet of regeneration
HPRegen  2.39/turn              W - ring of protection from cold
MPRegen  0.00/turn              E - ring of Qoluffib {rF++ AC+4 Dex+5}

@: resistant, marked, flying, glowing, studying Fighting, silenced
A: sickness immunity, fire resistance 2, cold vulnerability 1, float, innate
caster, hp casting, extra vitality 1
}: 2/15 runes: serpentine, barnacled
a: Renounce Religion


You were on level 4 of the Vaults.
You worshipped Makhleb.
Makhleb was exalted by your worship.
You visited 7 branches of the dungeon, and saw 35 of its levels.
You also visited: Sewer.

You collected 3864 gold pieces.
You spent 1207 gold pieces at shops.

Inventory:

Hand Weapons
 a - a +1 double sword of venom
 b - the +2 short sword "Ugren" (weapon) {vorpal, rElec Int+4}
   (You took it off a centaur warrior on level 12 of the Dungeon)

   It inflicts extra damage upon your enemies.
   It affects your intelligence (+4).
   It insulates you from electricity.
Missiles
 s - 7 atropa-tipped darts
 x - 13 throwing nets
 I - 6 curare-tipped darts
 K - 1195 stones
Armour
 t - a +2 pair of gloves (worn)
 u - a +1 robe of cold resistance
 D - a +0 troll leather armour (worn)
 F - a +1 cloak (worn)
 M - a +2 hat of intelligence (worn)
 V - the +3 kite shield "Kaune" (worn) {Rampage Str-4 Int+3 Dex+5}
   (You found it on level 12 of the Dungeon)

   It affects your strength (-4).
   It affects your intelligence (+3).
   It affects your dexterity (+5).
   It bestows one free step when moving towards enemies.
Jewellery
 c - a +6 ring of intelligence
 k - an amulet of regeneration (around neck)
 n - a ring of see invisible
 E - the ring of Qoluffib (right hand) {rF++ AC+4 Dex+5}
   (You bought it in a shop on level 3 of the Snake Pit)

   [ring of protection]

   It affects your AC (+4).
   It affects your dexterity (+5).
   It greatly protects you from fire.
 L - a +4 ring of evasion
 O - a ring of willpower
 R - a +4 ring of evasion
 W - a ring of protection from cold (left hand)
 X - a ring of protection from fire
Wands
 h - a wand of charming (14)
 l - a wand of acid (3)
 y - a wand of flame (54)
 N - a wand of digging (10)
 S - a wand of paralysis (8)
 Y - a wand of iceblast (32)
Scrolls
 f - 15 scrolls of identify
 g - 12 scrolls of teleportation
 r - 5 scrolls of enchant armour
 v - 3 scrolls of summoning
 w - a scroll of brand weapon
 B - 3 scrolls of holy word
 H - 2 scrolls of blinking
 P - 2 scrolls of fog
 U - 3 scrolls of acquirement
 Z - 4 scrolls of magic mapping
Potions
 d - 15 potions of curing
 e - 3 potions of cancellation
 j - 2 potions of mutation
 m - 3 potions of haste
 o - 3 potions of berserk rage
 p - 4 potions of invisibility
 q - 3 potions of attraction
 z - 5 potions of might
 A - 6 potions of lignification
 G - 7 potions of heal wounds
 J - 4 potions of brilliance
 Q - 4 potions of ambrosia
 T - a potion of resistance
Miscellaneous
 i - a phial of floods (inert)


   Skills:
 + Level 21.0 Fighting
 - Level 2.1 Dodging
 - Level 1.5 Stealth
 - Level 15.0 Shields
 + Level 19.9 Spellcasting


You had one spell level left.
You knew the following spells:

 Your Spells              Type           Power      Damage    Failure   Level
a - Stone Arrow           Conj/Erth      100%       3d13      0%          3
b - Passwall              Tmut/Erth      88%        N/A       0%          2
c - Sandblast             Erth           100%       2d20      0%          1
d - Petrify               Tmut/Erth      100%       N/A       0%          4
e - Lee's Rapid Deconstr  Erth           53%        3d26*     0%          5
f - Foxfire               Conj/Fire      100%       2x1d9     0%          1
g - Ensorcelled Hibernat  Hex/Ice        100%       N/A       0%          2
h - Wereblood             Tmut           100%       N/A       0%          2
i - Sticky Flame          Conj/Fire      100%       2d11      0%          4
j - Manifold Assault      Tloc           100%       N/A       0%          5
k - Silence               Hex/Air        53%        N/A       0%          5
l - Freezing Cloud        Conj/Ice/Air   53%        6-21      1%          6
m - Statue Form           Tmut/Erth      70%        N/A       1%          6
n - Simulacrum            Ice/Necr       53%        N/A       1%          6
o - Ozocubu's Refrigerat  Ice            53%        4d15      1%          7
Your spell library was empty.

Dungeon Overview and Level Annotations

Branches:
Dungeon (14/15)            Temple (1/1) D:4            Lair (6/6) D:11
 Shoals (4/4) Lair:3        Snake (4/4) Lair:3        Slime (0/5) Lair:6
    Orc (2/2) D:10            Elf (0/3) Orc:2        Vaults (4/5) D:14
  Crypt (0/3) Vaults:3      Sewer (visited)

Altars:
Ashenzari
Cheibriados
Dithmenos
Elyvilon
Fedhas
Gozag
Hepliaklqana
Kikubaaqudgha
Makhleb
Nemelex Xobeh
Okawaru
Qazlal
Ru
Sif Muna
Trog
Uskayaw
Vehumet
Wu Jian
Xom
Yredelemnul
Zin
The Shining One
Beogh
Jiyva

Shops:
D:6 (   Orc:2 [:?(:   Shoals:3 **   Snake:2 (   Snake:3 =:=:(   Vaults:1 *
Vaults:3 =

Portals:
Trove: Vaults:3 (give +4 fire dragon scales)

Annotations:
Shoals:2 2 transporters, Jafont's ghost, journeyman HOFE
Vaults:4 Mennas


Innate Abilities, Weirdness & Mutations

You are immune to sickness and miasma.
You are immune to poison.
Your flesh is very heat resistant. (rF++)
You are vulnerable to cold. (rC-)
You float through the air rather than walking.
You learn spells naturally, not from books.
Your magical power is your life essence.
You have superior vitality. (+4 HP)


Message History

Mennas gestures frantically.
Mennas's surroundings become eerily quiet.
Unknown command.
You cannot cast spells when silenced!
Okay, then.
You are engulfed in freezing vapours.
You resist.
* * * LOW HITPOINT WARNING * * *
Mennas is engulfed in freezing vapours.
You block Mennas's attack.
Mennas hits you with a +2 sacred scourge of holy wrath.
* * * LOW HITPOINT WARNING * * *
You are engulfed in freezing vapours.
You resist.
Mennas is engulfed in freezing vapours.
Mennas hits you with a +2 sacred scourge of holy wrath!!
* * * LOW HITPOINT WARNING * * *
You block Mennas's attack.
The vault warden is engulfed in freezing vapours.
Mennas is engulfed in freezing vapours.
Mennas is engulfed in freezing vapours.
The vault warden is engulfed in freezing vapours.
Mennas hits you with a +2 sacred scourge of holy wrath!!
* * * LOW HITPOINT WARNING * * *
Mennas completely misses you.
The vault warden is engulfed in freezing vapours.
Okay, then.
You miss Mennas.
Mennas is moderately wounded.
Mennas hits you but does no damage.
Mennas hits you with a +2 sacred scourge of holy wrath!
* * * LOW HITPOINT WARNING * * *
The vault warden is engulfed in freezing vapours.
You block Mennas's attack.
Mennas hits you with a +2 sacred scourge of holy wrath!
* * * LOW HITPOINT WARNING * * *
Mennas blocks your attack.
Mennas is moderately wounded.
Mennas hits you with a +2 sacred scourge of holy wrath!!
* * * LOW HITPOINT WARNING * * *
You block Mennas's attack. Mennas misses you.
Mennas hits you with a +2 sacred scourge of holy wrath!!
You die...

#...........'.......
#.(.........'.......
+...........#.......
#######'#...########
#.......#...# #.......#.).#
#....)).')..# ##+##...#...#
#..@#...#.).# #.A.#...#...#
########.p.#...#...#
#...#.§§#+##########
#...c§c§#.......#
#..c#§§.#.......#
#...#####.......#
#.......#.......#
#.......#.[.....###########


You could see Mennas (silencing), a vault warden and a yaktaur.

Vanquished Creatures
  Mara (Shoals:4)
  Boris (Vaults:3)
  Bai Suzhen (Shoals:4)
  Polyphemus (Shoals:4)
  2 krakens
  5 nagarajas
  Donald (Orc:1)
  7 vault wardens
  2 orc warlords
  Aizul (Snake:4)
  A frost giant (Vaults:1)
  A war gargoyle (Vaults:4)
  7 ironbound preservers
  2 quicksilver oozes (Lair:5)
  3 very ugly things (Vaults:3)
  A vampire knight (Vaults:3)
  4 dire elephants (Lair:6)
  A deep elf annihilator (D:14)
  The ghost of Pinouros the Devastator, a journeyman DECj of Vehumet (Lair:5)
  2 entropy weavers
  2 merfolk javelineers (Shoals:4)
  A crystal guardian (Vaults:3)
  6 yaktaur captains
  10 merfolk impalers
  A jiangshi (Vaults:3)
  2 great orbs of eyes
  4 vault guards (D:14)
  16 hydras
  6 salamander tyrants
  5 ironbound thunderhulks
  21 naga warriors
  Erolcha (D:9)
  3 peacekeepers
  Fannar (Orc:1)
  4 alligator snapping turtles
  3 merfolk avatars (Shoals:4)
  Harold (D:8)
  7 boulder beetles
  11 centaur warriors
  A catoblepas (Shoals:4)
  3 ogre magi
  5 anacondas
  Erica (Lair:1)
  11 ironbound frosthearts
  3 merfolk aquamancers
  11 two-headed ogres
  5 death yaks
  A tengu warrior (D:14)
  A satyr (Shoals:2)
  An orc high priest (Orc:1)
  A titan zombie (Vaults:3)
  A vampire mage (Vaults:3)
  A spectral dire elephant (Lair:6)
  5 ironbound beastmasters
  26 naga sharpshooters
  Urug (Orc:2)
  8 shock serpents
  A hell knight (Vaults:2)
  3 salamander mystics
  5 skeletal warriors
  An iron troll (Orc:1)
  12 sea snakes
  A glowing orange brain (Vaults:2)
  24 deep trolls
  A spectral anaconda (Lair:6)
  16 ironbound convokers
  An obsidian statue (Lair:6)
  A wizard (Vaults:3)
  12 lindwurms
  12 naga ritualists
  5 necromancers
  10 mana vipers
  9 orc knights
  9 harpies
  3 oklob plants
  3 orc sorcerers
  15 cyclopes
  5 ugly things
  14 manticores
  2 deep elf pyromancers
  11 salamanders
  43 black mambas
  27 elephants
  10 merfolk sirens
  5 water nymphs
  7 guardian serpents
  13 vault sentinels
  14 naga magi
  A dire elephant zombie (Lair:6)
  9 cane toads
  2 gargoyles
  Maggie (D:9)
  A human zombie (Vaults:3)
  22 yaktaurs
  An efreet (D:13)
  7 komodo dragons
  An unseen horror (D:13)
  3 rime drakes
  17 trolls
  A polar bear (Lair:4)
  A jumping spider (Vaults:4)
  19 merfolk
  A shadow dragon simulacrum (Vaults:3)
  A queen bee (Lair:2)
  A hornet (D:10)
  10 wind drakes
  2 spectral elephants (Lair:6)
  7 dream sheep
  18 blink frogs
  5 snapping turtles
  Prince Ribbit (D:7)
  38 slime creatures
  A flying skull (Vaults:3)
  5 redbacks
  A shadow (D:12)
  10 water elementals
  A vampire (D:12)
  3 centaur simulacra
  A ynoxinul (D:10)
  A wraith (D:12)
  41 yaks
  3 wyverns
  3 basilisks
  3 steam dragons
  A human simulacrum (Vaults:3)
  2 death yak simulacra (Lair:6)
  3 vampire mosquitoes (D:12)
  71 nagas
  5 wargs
  A spectral cane toad (Lair:6)
  2 acid dragons
  15 water moccasins
  3 elephant zombies (Lair:6)
  23 orc warriors
  A sky beast (D:5)
  22 ogres
  A black bear (Lair:2)
  2 necrophages
  2 ice beasts
  3 wolves
  A boggart (Vaults:2)
  3 elephant skeletons (Lair:6)
  9 centaurs
  3 phantoms
  5 kobold brigands
  11 bullfrogs
  A gnoll sergeant (D:13)
  2 cane toad simulacra (Lair:6)
  A water moccasin zombie (D:6)
  2 scorpions
  An elephant simulacrum (Lair:6)
  31 killer bees
  A wight (D:10)
  2 howler monkeys (D:12)
  4 centaur zombies
  3 hounds
  2 bullfrog zombies
  4 jellies
  A bullfrog skeleton (D:5)
  2 gnoll shamans
  10 orc priests
  A centaur skeleton (D:7)
  Crazy Yiuf (D:5)
  An iguana (D:4)
  7 hell rats (Lair:6)
  25 orc wizards
  A howler monkey zombie (D:9)
  18 gnolls
  10 adders
  A river rat (D:6)
  An ufetubus (D:7)
  2 worms
  2 dart slugs
  80 orcs
  3 endoplasms
  2 giant cockroaches
  9 goblins
  6 hobgoblins
  11 jackals
  A quokka (D:5)
  10 ball pythons
  8 bats
  4 frilled lizards
  23 kobolds
  8 rats
  4 tentacles
1269 creatures vanquished.

Vanquished Creatures (others)
  A war gargoyle (Vaults:3)
  A merfolk aquamancer (Shoals:4)
  7 fungi
  49 plants
  29 tentacles
  4 toadstools (D:8)
  27 withered plants (Lair:6)
118 creatures vanquished.

Grand Total: 1387 creatures vanquished

Notes
Turn   | Place    | Note
-------+----------+-------------------------------------------
     0 | D:1      | lunkers the Djinni Earth Elementalist began the quest for
                  | the Orb.
     0 | D:1      | Reached XP level 1. HP: 15/15 MP: 0/0
     3 | D:1      | Noticed an electric eel
    13 | D:1      | Noticed an electric eel
   316 | D:1      | Reached XP level 2. HP: 21/22 MP: 0/0
   689 | D:1      | Reached skill level 1 in Fighting
   941 | D:1      | Found a faded altar of an unknown god.
   971 | D:2      | Reached XP level 3. HP: 20/27 MP: 0/0
   971 | D:2      | Learned a level 1 spell: Foxfire
  1607 | D:2      | Reached XP level 4. HP: 31/33 MP: 0/0
  2366 | D:3      | Found a sacrificial altar of Ru.
  2465 | D:3      | Reached skill level 2 in Fighting
  2660 | D:3      | Found a hide-covered altar of Uskayaw.
  2753 | D:4      | Reached XP level 5. HP: 22/38 MP: 0/0
  2753 | D:4      | Learned a level 2 spell: Ensorcelled Hibernation
  2998 | D:4      | Found a staircase to the Ecumenical Temple.
  3002 | D:4      | Reached XP level 6. HP: 45/45 MP: 0/0
  3014 | Temple   | Entered the Ecumenical Temple
  3029 | Temple   | Became a worshipper of Makhleb the Destroyer
  3221 | D:4      | Noticed a necrophage
  3228 | D:4      | Killed a necrophage
  3229 | D:4      | Reached skill level 3 in Fighting
  3253 | D:4      | Noticed an ogre
  3259 | D:4      | HP: 1/46 [ogre/+0 giant club (15)]
  3260 | D:4      | Killed an ogre
  3261 | D:4      | Reached XP level 7. HP: 3/50 MP: 0/0
  3261 | D:4      | Learned a level 2 spell: Wereblood
  3597 | D:4      | Reached skill level 5 in Spellcasting
  3772 | D:5      | Entered Level 5 of the Dungeon
  3849 | D:5      | Reached skill level 4 in Fighting
  3883 | D:5      | Reached * piety under Makhleb
  3884 | D:5      | Reached skill level 1 in Shields
  3971 | D:5      | Reached XP level 8. HP: 45/58 MP: 0/0
  4226 | D:5      | Reached skill level 5 in Fighting
  4487 | D:5      | Found a runed translucent door.
  4488 | D:5      | Noticed Crazy Yiuf
  4943 | D:5      | Killed Crazy Yiuf
  5026 | D:6      | Found Ockuibeb's Weapon Emporium.
  5289 | D:6      | Reached XP level 9. HP: 65/65 MP: 0/0
  5289 | D:6      | Learned a level 4 spell: Sticky Flame
  5474 | D:6      | Found a glowing drain.
  5570 | Sewer    | Entered a sewer
  5591 | Sewer    | Reached ** piety under Makhleb
  5796 | Sewer    | Reached skill level 6 in Fighting
  6724 | D:7      | Noticed Prince Ribbit
  6730 | D:7      | Killed Prince Ribbit
  6731 | D:7      | Reached skill level 7 in Fighting
  6731 | D:7      | Reached XP level 10. HP: 69/75 MP: 0/0
  7338 | D:7      | Identified the +11 whip of Goca {vorpal, rC- Str+6 Dex-4
                  | SInv}
  7500 | D:8      | Noticed Harold
  7507 | D:8      | Killed Harold
  7607 | D:8      | Reached *** piety under Makhleb
  7808 | D:8      | Reached skill level 8 in Fighting
  8165 | D:8      | Noticed a boulder beetle
  8174 | D:8      | Killed a boulder beetle
  8175 | D:8      | Reached XP level 11. HP: 55/82 MP: 0/0
  8175 | D:8      | Learned a level 5 spell: Manifold Assault
  8495 | D:9      | Reached skill level 10 in Spellcasting
  8516 | D:9      | Found a glowing golden altar of the Shining One.
  8517 | D:9      | Found a shimmering altar of Xom.
  8519 | D:9      | Found a sparkling altar of Nemelex Xobeh.
  8520 | D:9      | Found a basalt altar of Yredelemnul.
  8521 | D:9      | Found a hazy altar of Hepliaklqana.
  8525 | D:9      | Found a blossoming altar of Fedhas.
  8532 | D:9      | Found a stormy altar of Qazlal.
  8580 | D:9      | Reached skill level 9 in Fighting
  8639 | D:9      | Noticed Maggie
  8645 | D:9      | Killed Maggie
  8814 | D:9      | Noticed Erolcha
  8823 | D:9      | Killed Erolcha
  8841 | D:9      | Reached **** piety under Makhleb
  9083 | D:10     | Entered Level 10 of the Dungeon
  9109 | D:10     | Noticed a cyclops
  9114 | D:10     | Killed a cyclops
  9115 | D:10     | Noticed an ogre mage
  9117 | D:10     | Noticed a skeletal warrior
  9119 | D:10     | Killed an ogre mage
  9136 | D:9      | Killed a skeletal warrior
  9192 | D:10     | Reached skill level 10 in Fighting
  9216 | D:10     | Noticed a red ugly thing
  9220 | D:10     | Identified the +1 leather armour of Healetae {Regen+}
  9274 | D:10     | Found a bloodstained altar of Trog.
  9290 | D:10     | Noticed a seven-headed hydra
  9295 | D:10     | Killed a seven-headed hydra
  9296 | D:10     | Reached XP level 12. HP: 65/91 MP: 0/0
  9341 | D:10     | Noticed a boulder beetle
  9355 | D:10     | Killed a boulder beetle
  9695 | D:10     | Noticed a boulder beetle
  9717 | D:10     | Killed a boulder beetle
  9720 | D:10     | Identified Kireru's Catalogue of the Freezing Oath
  9721 | D:10     | Identified the Handbook of the Unstoppable Mystics
  9725 | D:10     | Noticed a centaur warrior
  9735 | D:10     | Killed a centaur warrior
  9789 | D:10     | Reached skill level 11 in Fighting
  9827 | D:10     | Found a snail-covered altar of Cheibriados.
  9827 | D:10     | Found a snail-covered altar of Cheibriados.
  9827 | D:10     | Found a broken altar of Ashenzari.
 10017 | D:10     | Identified Sif Muna's Tome of Icy Shape Shifting
 10395 | D:10     | Found a staircase to the Orcish Mines.
 10399 | D:10     | Reached ***** piety under Makhleb
 10574 | D:11     | Found a staircase to the Lair.
 11213 | Lair:1   | Entered Level 1 of the Lair of Beasts
 11455 | Lair:1   | Reached XP level 13. HP: 93/99 MP: 0/0
 11455 | Lair:1   | Learned a level 5 spell: Silence
 11534 | Lair:1   | Noticed Erica
 11539 | Lair:1   | Killed Erica
 12031 | Lair:2   | Noticed a six-headed hydra
 12042 | Lair:2   | Killed a six-headed hydra
 12043 | Lair:2   | Reached skill level 12 in Fighting
 12734 | Lair:3   | Noticed a seven-headed hydra
 12739 | Lair:3   | Killed a seven-headed hydra
 12955 | Lair:3   | Noticed a five-headed hydra
 12961 | Lair:3   | Killed a five-headed hydra
 12995 | Lair:3   | Noticed a seven-headed hydra
 12999 | Lair:3   | Killed a seven-headed hydra
 13028 | Lair:3   | Noticed a boulder beetle
 13037 | Lair:3   | Killed a boulder beetle
 13201 | Lair:3   | Found a staircase to the Snake Pit.
 13308 | Lair:3   | Reached XP level 14. HP: 104/108 MP: 0/0
 13313 | Lair:3   | Found a staircase to the Shoals.
 14099 | Lair:4   | Reached skill level 13 in Fighting
 14874 | Lair:5   | Found a runed translucent gate.
 14874 | Lair:5   | Found a runed translucent gate.
 14874 | Lair:5   | Found a runed translucent gate.
 14875 | Lair:5   | Noticed a quicksilver ooze
 14875 | Lair:5   | Noticed a quicksilver ooze
 14877 | Lair:5   | Noticed Pinouros's ghost (journeyman DECj)
 14888 | Lair:5   | Reached ****** piety under Makhleb
 15369 | Lair:5   | Found a viscous altar of Jiyva.
 15414 | Lair:6   | Entered Level 6 of the Lair of Beasts
 15647 | Lair:6   | Found a staircase to the Slime Pits.
 15655 | Lair:6   | Reached skill level 15 in Spellcasting
 16254 | Lair:6   | Noticed a dire elephant
 16254 | Lair:6   | Noticed a dire elephant
 16254 | Lair:6   | Noticed a dire elephant
 16295 | Lair:6   | Noticed a dire elephant
 16499 | Lair:6   | Reached XP level 15. HP: 116/116 MP: 0/0
 16499 | Lair:6   | Learned a level 6 spell: Freezing Cloud
 16504 | Lair:6   | Reached skill level 14 in Fighting
 16904 | Lair:6   | HP: 1/117 [dire elephant (11)]
 17812 | Orc:1    | Entered Level 1 of the Orcish Mines
 17899 | Orc:2    | Entered Level 2 of the Orcish Mines
 17899 | Orc:2    | Found a staircase to the Elven Halls.
 17917 | Orc:2    | Noticed Donald
 17992 | Orc:2    | Noticed Urug
 18021 | Orc:1    | Killed Donald
 18289 | Orc:2    | Found Soegesaa's Book Shoppe.
 18316 | Orc:2    | Killed Urug
 18326 | Orc:2    | Reached skill level 15 in Fighting
 18350 | Orc:2    | Reached XP level 16. HP: 126/126 MP: 0/0
 18498 | Orc:2    | Found Roatzos's Weapon Shop.
 18502 | Orc:2    | Found Wugie's Book Shop.
 18505 | Orc:2    | Found Joaggim's Magic Scroll Shoppe.
 18516 | Orc:2    | Found Ebrycw's Antique Armour Boutique.
 18948 | Orc:1    | Noticed Fannar
 19060 | Orc:1    | Killed Fannar
 19683 | D:12     | Identified the +3 kite shield "Kaune" {Rampage Str-4 Int+3
                  | Dex+5}
 19743 | D:12     | Identified the +2 short sword "Ugren" {vorpal, rElec Int+4}
 19938 | D:12     | Reached skill level 5 in Shields
 21156 | Lair:5   | Killed Pinouros's ghost
 21277 | Snake:1  | Entered Level 1 of the Snake Pit
 21289 | Snake:1  | You are sucked into a shaft and drop 1 floor!
 21409 | Snake:1  | Reached XP level 17. HP: 127/132 MP: 0/0
 21409 | Snake:1  | Learned a level 6 spell: Statue Form
 22206 | Snake:2  | Reached skill level 16 in Fighting
 22546 | Snake:2  | Found Ubruj's Antique Weapon Shoppe.
 22658 | Snake:2  | Reached skill level 10 in Shields
 22816 | Snake:3  | Found Punkenka's Antique Weapon Shoppe.
 23138 | Snake:3  | Found Qudoo's Jewellery Shop.
 23146 | Snake:3  | Bought the ring of Qoluffib {rF++ AC+4 Dex+5} for 1207 gold
                  | pieces
 23311 | Snake:3  | Reached XP level 18. HP: 141/141 MP: 0/0
 23499 | Snake:3  | Found Roqar's Book Shoppe.
 23499 | Snake:3  | Found Xoanal's Jewellery Boutique.
 23500 | Snake:3  | Found Peashroev's Book Shoppe.
 23532 | Snake:4  | Entered Level 4 of the Snake Pit
 23532 | Snake:4  | Noticed Aizul
 23539 | Snake:4  | Killed Aizul
 24874 | Snake:4  | Reached skill level 17 in Fighting
 24984 | Snake:4  | Got a serpentine rune of Zot
 25156 | Snake:4  | Reached XP level 19. HP: 148/148 MP: 0/0
 25156 | Snake:4  | Learned a level 6 spell: Simulacrum
 25688 | Shoals:1 | Entered Level 1 of the Shoals
 25694 | Shoals:1 | Identified the +10 long sword of Poafaf {holy, *Rage Int+2
                  | Dex+3}
 26611 | Shoals:2 | Found a transporter.
 26618 | Shoals:2 | Identified the +6 flail "Fuerab" {vorpal, rF+}
 26620 | Shoals:2 | Found a bloodstained altar of Trog.
 26621 | Shoals:2 | Noticed Jafont's ghost (journeyman HOFE)
 26628 | Shoals:2 | Found a transporter.
 27587 | Shoals:3 | Found Qede Haq's General Store.
 27770 | Shoals:3 | Found Zuf Dug's Assorted Antiques.
 28139 | Shoals:4 | Entered Level 4 of the Shoals
 28212 | Shoals:4 | Noticed Polyphemus
 28228 | Shoals:4 | Killed Polyphemus
 28422 | Shoals:4 | HP: 3/149 [tentacle[a kraken] (18)]
 28547 | Shoals:4 | Got a barnacled rune of Zot
 28899 | Shoals:4 | Reached XP level 20. HP: 157/157 MP: 0/0
 28981 | Shoals:4 | Reached skill level 15 in Shields
 29199 | Shoals:4 | Reached skill level 18 in Fighting
 29230 | Shoals:4 | Upgraded the game from 0.27-a0-1228-gfd60fd639a to
                  | 0.27-a0-1232-gc6a4cbde82
 29334 | Shoals:4 | Noticed Mara
 29339 | Shoals:4 | Noticed lunkers's illusion
 29350 | Shoals:4 | Killed Mara
 29400 | Shoals:4 | Noticed Bai Suzhen
 29420 | Shoals:4 | Killed Bai Suzhen
 30145 | D:14     | Found a gate to the Vaults.
 30547 | Vaults:1 | Entered Level 1 of the Vaults
 31504 | Vaults:1 | Found Vemuaxorr's General Store.
 31935 | Vaults:2 | HP: 7/158 [ironbound frostheart/frost (28)]
 32025 | Vaults:2 | Reached skill level 19 in Fighting
 32052 | Vaults:2 | Reached XP level 21. HP: 166/166 MP: 0/0
 32052 | Vaults:2 | Learned a level 7 spell: Ozocubu's Refrigeration
 32533 | Vaults:2 | Identified the +0 leather armour "Notwugol" {Rampage Will+
                  | rCorr}
 32985 | Vaults:3 | Noticed Boris
 33002 | Vaults:3 | Killed Boris
 33200 | Vaults:3 | Reached skill level 20 in Fighting
 33466 | Vaults:3 | Reached XP level 22. HP: 175/175 MP: 0/0
 33553 | Vaults:3 | Found a staircase to the Crypt.
 33680 | Vaults:3 | Identified a scroll of acquirement
 33681 | Vaults:3 | Acquired a manual of Fighting
 33716 | Vaults:3 | Found a portal to a secret trove of treasure.
 33961 | Vaults:3 | Found Nothegh's Jewellery Emporium.
 34317 | Vaults:4 | Noticed Mennas
 34341 | Vaults:4 | HP: 8/228 [Mennas/+2 sacred scourge of holy wrath (11)]
 34377 | Vaults:4 | HP: 8/176 [lindwurm/blast of flame[an ironbound
                  | beastmaster] (9)]
 34557 | Vaults:4 | Reached skill level 21 in Fighting
 34696 | Vaults:4 | HP: 5/178 [Mennas/+2 sacred scourge of holy wrath (30)]
 34696 | Vaults:4 | Demolished by Mennas

Illustrated notes

Levels and vault maps discovered:
D:1:      arrival_aquarium_b, layout_loops_ring,
          shapermc_ecumenical_altar_mp_urbaneastern, minmay_misc_feat_room,
          nrook_uturn, minmay_misc_feat_roman
D:2:      layout_basic, hangedman_abyss_or_decor_stabs, minmay_misc_feat_plants,
          solitary_fountain
D:3:      layout_rooms, nicolae_ru_awakened_eye, gammafunk_temple_overflow_wave
D:4:      kennysheep_goblin_castle, layout_basic, minmay_temple_entry_hall
D:5:      layout_basic, serial_park_tiny_2, chequers_serial_rivers_large_b,
          uniq_crazy_yiuf_cottage
D:6:      layout_loops_corners, portal_sewer_entry_c, serial_shops, shop
D:7:      layout_layer_cave, uniq_prince_ribbit1
D:8:      layout_basic, minmay_gold_behind_fungi, uniq_harold
D:9:      layout_rooms, grunt_temple_overflow_open,
          nicolae_qazlal_eye_of_the_storm, uniq_erolcha, uniq_maggie
D:10:     minmay_the_grid_octo_tiled_squarecenter
          [minmay_the_grid_octo_pinwheel, minmay_the_grid_octo_clover,
          minmay_the_grid_octo_77, minmay_the_grid_octo_shrine,
          minmay_the_grid_square_5x5_megaprize_checkered,
          minmay_the_grid_square_5x5_intrusive_squares,
          minmay_the_grid_square_5x5_three_walls,
          minmay_the_grid_square_5x5_bridge,
          minmay_the_grid_square_5x5_n_small], layout_loops_corners,
          nzn_overflow_gifts_of_might_and_magic, david_orc_4
D:11:     layout_irregular_city, lair_entry_dummy, minivault_1,
          grunt_decor_arrowhead, bh_walls_and_bars
D:12:     layout_cave_pools, special_room [special_room_orc],
          kennysheep_generic_room_6
D:13:     layout_basic
D:14:     layout_cave_pools, lightli_vaults_fourway_checkpoint,
          minmay_three_doors
Temple:   eino_temple_lava
Lair:1:   dpeg_oklob_gauntlet, layout_regular_city, uniq_erica
Lair:2:   layout_roguey, special_room [special_room_bee]
Lair:3:   layout_roguey, elwin_shoals_entry_stream,
          minmay_snake_entry_guardpost_medium, grunt_megastairs_5
Lair:4:   layout_cave_pods, cheibrodos_lair_reptile_den, grunt_megastairs_2
Lair:5:   layout_concentric_octagons, gammafunk_ghost_ooze,
          bh_autumn_forest_stairs, grunt_megastairs_1
Lair:6:   due_jungle_book, layout_concentric_octagons,
          minmay_slime_entry_oklob_open
Shoals:1: layout_shoals
Shoals:2: layout_shoals, gammafunk_ghost_wrathful_warriors,
          nicolae_shoals_loop_pool
Shoals:3: layout_shoals, serial_shops, shop, ldierk_geyser,
          nicolae_shoals_c_island
Shoals:4: shoals_end_hangedman, layout_shoals, uniq_polyphemus, uniq_mara,
          uniq_bai_suzhen
Snake:1:  layout_misc_corridors
Snake:2:  layout_rooms, serial_shops, shop, nicolae_snake_gridmaze_swirls,
          hangedman_venom_bottle
Snake:3:  layout_onion, serial_shops, shop, nicolae_shop_statue_plus,
          minmay_shop_grove, grunt_megastairs_3
Snake:4:  grunt_snake_rune_spirals, layout_onion, uniq_aizul
Orc:1:    layout_diamond_mine, basic_altar, nicolae_orc_sculptors_studio,
          uniq_fannar
Orc:2:    st_orc_open, layout_diamond_mine, serial_shops, shop, basic_altar,
          uniq_urug, uniq_donald
Vaults:1: v_misc_15, nicolae_vaults_little_squares_6, v_misc_19,
          vaults_room_pool, grunt_vaults_hallway_long, v_misc_16,
          nicolae_vaults_alarming, nicolae_vaults_specimen_jars,
          layout_vaults_chaotic_city, serial_shops, shop
Vaults:2: st_squares, vaults_room_door_hall, v_misc_22, v_pattern_5,
          grunt_vaults_trifunnel, vaults_standard_mumra_lines,
          ontoclasm_vaults_idyll, vaults_room_semicircle,
          layout_vaults_maze_snakey
Vaults:3: minmay_crypt_entry_simple_corners, nicolae_vaults_network_quinsquares
          [nicolae_vaults_network_quincunx_subvault,
          nicolae_vaults_network_quincunx_subvault,
          nicolae_vaults_network_quincunx_subvault,
          nicolae_vaults_network_quincunx_subvault],
          nicolae_vaults_mini_display_case, ontoclasm_vaults_ring_small,
          vaults_room_semicircle, hangedman_vaults_stitches, v_pattern_4,
          v_rooms_1, vaults_room_stairs_pillars, layout_vaults_omnicross,
          nicolae_trove_entry_diagonal, serial_shops, shop_fountains, uniq_boris
Vaults:4: v_misc_13, vaults_mumra_hexcomb, ontoclasm_vaults_decontamination,
          v_misc_12, v_misc_17, nicolae_vaults_twisting_passages,
          ontoclasm_vaults_spin, nicolae_vaults_disjoint_gnomons, v_misc_13,
          nicolae_vaults_little_squares_4, ontoclasm_vaults_fault, v_misc_9,
          nicolae_vaults_big_angled_halls, layout_vaults_omnibox, serial_shops,
          nicolae_shop_waterfront, uniq_margery, uniq_mennas, uniq_jory,
          uniq_saint_roka

Skill      XL: |  1  2  3  4  5  6  7  8  9 10 11 12 13 14 15 16 17 18 19 20 21 22 |
---------------+-------------------------------------------------------------------+-----
Fighting       | 1 2 3 4 5 7 8 10 11 12 13 15 16 17 19 20 21 | 21.0
Spellcasting   | 3 4 5 6 8 9 11 12 14 15 16 17 18 19 | 19.9
Shields        | 1 3 4 7 10 13 14 15 | 15.0
Dodging        | |  2.1
Stealth        | |  1.5

Action                   |  1- 3 |  4- 6 |  7- 9 | 10-12 | 13-15 | 16-18 | 19-21 | 22-24 || total
-------------------------+-------+-------+-------+-------+-------+-------+-------+-------++-------
Melee: Short sword       |       |       |       |    26 |    18 |    72 |     7 |    11 ||   134
 Cast: Sandblast         |    52 |    53 |     4 |       |    12 |     1 |       |       ||   122
       Stone Arrow       |       |       |   149 |   290 |   671 |   763 |   885 |    96 ||  2854
       Lee's Rapid Decon |       |       |       |     3 |    53 |    20 |    48 |       ||   124
       Petrify           |       |       |       |       |     2 |     6 |       |       ||     8
       Freezing Cloud    |       |       |       |       |     2 |    52 |    50 |     1 ||   105
       Statue Form       |       |       |       |       |       |    22 |     6 |     1 ||    29
       Manifold Assault  |       |       |       |       |       |     1 |       |       ||     1
       Silence           |       |       |       |       |       |     1 |       |       ||     1
       Ozocubu's Refrige |       |       |       |       |       |       |    12 |    27 ||    39
Evoke: Wand              |       |     1 |       |     1 |     3 |       |    11 |    24 ||    40
       Phial of floods   |       |       |       |       |       |       |     1 |     1 ||     2
  Use: Scroll            |       |       |    13 |    11 |     9 |     7 |     4 |     4 ||    48
       Potion            |       |       |       |       |       |       |       |     3 ||     3
Armor: Robe              |     3 |     1 |     1 |     4 |       |    12 |       |       ||    21
       Acid dragon scale |       |       |       |    12 |       |       |       |       ||    12
       Leather armour    |       |       |       |     3 |       |       |       |       ||     3
       Troll leather arm |       |       |       |    24 |   130 |    42 |   139 |    18 ||   353
       Skin              |       |       |       |       |       |   212 |   115 |    26 ||   353
Dodge: Dodged            |     8 |    19 |    26 |    84 |   262 |   336 |   241 |    48 ||  1024
Block: Buckler           |       |       |     3 |    38 |   106 |    23 |       |       ||   170
       Kite shield       |       |       |       |       |       |   394 |   508 |    98 ||  1000
       Rpst.: Double sword |       |       |       |       |       |     7 |       |       ||     7

Table legend: (Time is in decaauts)
 A = Elapsed time spent in this place.
 B = Non-inter-level travel time spent in this place.
 C = Inter-level travel time spent in this place.
 D = Time resting spent in this place.
 E = Time spent auto-exploring this place.
 F = Levels seen in this place.
 G = Mean time per level.
                   A        B        C        D        E       F      G
               +--------+--------+--------+--------+--------+-----+--------+
         Total |  35567 |  33354 |   2213 |   1113 |  23820 |  36 |  988.0 |
       Dungeon |  13203 |  12324 |    879 |    246 |  10049 |  14 |  943.1 |
        Temple |     64 |     57 |      7 |      0 |     47 |   1 |   64.0 |
          Lair |   6864 |   6224 |    640 |    221 |   4621 |   6 | 1144.0 |
        Shoals |   4241 |   4005 |    236 |    198 |   2716 |   4 | 1060.2 |
     Snake Pit |   5091 |   4915 |    176 |     55 |   2994 |   4 | 1272.8 |
  Orcish Mines |   1615 |   1517 |     98 |    201 |    537 |   2 |  807.5 |
        Vaults |   4177 |   4002 |    175 |    192 |   2691 |   4 | 1044.2 |
         Sewer |    309 |    309 |      0 |      0 |    165 |   1 |  309.0 |
               +--------+--------+--------+--------+--------+-----+--------+

Top non-repeatable levels by time:
 Snake:4: 2258 daAuts
  Lair:6: 2216 daAuts
Shoals:4: 1561 daAuts
    D:10: 1537 daAuts
Vaults:1: 1387 daAuts
Vaults:3: 1339 daAuts
     D:5: 1252 daAuts
     D:7: 1192 daAuts
     D:2: 1188 daAuts
     D:1: 1125 daAuts
  Lair:4: 1066 daAuts
  Lair:3: 1065 daAuts
 Snake:3: 1062 daAuts
Vaults:2: 1028 daAuts
     D:6: 971 daAuts
